 Dungeon Crawl Stone Soup version 0.23.1-41-g7e51ed3 (webtiles) character file.

Game seed: 13475490821136377798

2737 Mrkaede the Skirmisher (level 9, -4/81 HPs)
             Began as a Minotaur Abyssal Knight on Mar 29, 2019.
             Was a High Priest of Lugonu.
             Slain by a death yak (24 damage)
             ... on level 7 of the Dungeon.
             The game lasted 00:16:11 (5745 turns).

Mrkaede the Skirmisher (Minotaur Abyssal Knight)    Turns: 5745, Time: 00:16:11

Health: -4/81      AC:  9    Str: 18    XL:     9   Next: 40%
Magic:  11/11      EV: 27    Int:  9    God:    Lugonu [*****.]
Gold:   417        SH:  0    Dex: 12    Spells: 8/8 levels left

rFire    . . .     SeeInvis +   a - +1 falchion
rCold    . . .     Gourm    .   (no shield)
rNeg     . . .     Faith    .   p - +0 scale mail
rPois    +         Spirit   .   (helmet restricted)
rElec    .         Reflect  .   (no cloak)
rCorr    .         Harm     .   h - +0 pair of gloves
MR       .....                  (no boots)
Stlth    +.........             y - amulet of the acrobat
HPRegen  0.23/turn              E - ring "Voturhij" {rPois SInv Stlth+}
MPRegen  0.12/turn              e - +3 ring of slaying

@: acrobat
A: retaliatory headbutt, horns 2
a: Depart the Abyss, Bend Space, Banish, Corrupt, Enter the Abyss, Renounce
Religion


You were on level 7 of the Dungeon.
You worshipped Lugonu.
Lugonu was extremely pleased with you.
You were not hungry.

You visited 1 branch of the dungeon, and saw 8 of its levels.
You visited the Abyss 1 time.
You also visited: Sewer.

You collected 417 gold pieces.

Inventory:

Hand Weapons
 a - a +1 falchion (weapon)
Missiles
 j - 15 tomahawks (quivered)
Armour
 b - a +0 leather armour
 g - a +0 ring mail
 h - a +0 pair of gloves (worn)
 p - a +0 scale mail (worn)
 G - a +0 chain mail
Jewellery
 e - a +3 ring of slaying (right hand)
 l - a -2 ring of intelligence
 o - an uncursed amulet of magic regeneration
 r - an uncursed ring of resist corrosion
 s - an uncursed ring of poison resistance
 y - an amulet of the acrobat (around neck)
 E - the ring "Voturhij" (left hand) {rPois SInv Stlth+}
   (You found it on level 6 of the Dungeon)

   [ring of stealth]

   It protects you from poison.
   It lets you see invisible.
   It makes you more stealthy.
Wands
 f - a wand of polymorph (13)
Scrolls
 n - a scroll of magic mapping
 t - a scroll of fear
 v - a scroll of blinking
 B - a scroll of amnesia {unknown}
 C - a scroll of enchant weapon {unknown}
 D - a scroll of teleportation {unknown}
Potions
 d - 4 potions of heal wounds
 i - 4 potions of brilliance
 k - 4 potions of degeneration
 m - 4 potions of curing
 q - 2 potions of haste {unknown}
 u - 3 potions of flight
 w - 2 potions of agility {unknown}
 z - 2 potions of cancellation {unknown}
 A - 2 potions of might {unknown}
 F - a potion of resistance
Comestibles
 c - 16 rations


   Skills:
 * Level 7.9 Fighting
 * Level 7.3 Long Blades
 + Level 3.9 Throwing
 * Level 7.2 Armour
 * Level 6.3 Dodging
 + Level 4.3 Invocations


You had 8 spell levels left.
You didn't know any spells.
Your spell library was empty.

Dungeon Overview and Level Annotations

Branches:
Dungeon (8/15)             Temple (0/1) D:6
   Lair: D:8-11

Altars:
Dithmenos
Makhleb
Okawaru
Qazlal
Trog

Annotations:
D:7 1 runed translucent door, sdfsdf's ghost, novice TrBe


Innate Abilities, Weirdness & Mutations

You reflexively headbutt those who attack you in melee.
You have a pair of horns on your head.


Message History

Lugonu accepts your kill. The death yak gores you!
You hit the death yak but do no damage. You slash the death yak!
The death yak is lightly wounded.
The death yak gores you!
You hit the death yak.
The death yak is lightly wounded.
The death yak gores you.
You hit the death yak.
The death yak is lightly wounded.
The death yak gores you!!
You slash the death yak!
The death yak is moderately wounded.
The death yak gores you!!
* * * LOW HITPOINT WARNING * * *
You feel much better. The death yak gores you!!
* * * LOW HITPOINT WARNING * * *
The death yak gores you!!
You die...

#..........
######..<.......
#...##..รทรท......
#...##..........
#........####...
#........# #...
###........####...
#>Y...............
#@)...............
#.####.....####...
#.####.....# ####
#..........# #..
#####......# #..
#########......# #..
#..............#####..
#..................'..
#...........########..


You could see a death yak.

Vanquished Creatures
  The ghost of gohu the Firebug, a novice DEFE (D:4)
  Prince Ribbit (D:5)
  A hippogriff (D:7)
  Sigmund (D:4)
  Menkaure (D:7)
  A black bear (D:6)
  2 ogres
  A sky beast (D:6)
  A big kobold (Sewer)
  3 bullfrogs
  A water moccasin zombie (D:7)
  2 scorpions
  4 killer bees (D:7)
  A howler monkey (D:6)
  5 crimson imps
  A jelly (D:5)
  A bullfrog skeleton (D:6)
  A hound (D:4)
  4 centaur skeletons
  An orc wizard (D:7)
  2 iguanas (D:4)
  6 worker ants
  A hound zombie (D:4)
  2 hound skeletons
  2 gnolls
  6 river rats (Sewer)
  5 adders
  An ooze (D:1)
  An adder zombie (D:6)
  2 adder skeletons (D:4)
  4 worms
  2 leopard geckos
  12 orcs
  4 bats
  4 giant cockroaches
  8 goblins
  9 hobgoblins
  12 jackals
  A quokka (D:2)
  8 ball pythons
  A ball python skeleton (D:5)
  A ball python zombie (D:4)
  10 frilled lizards
  18 kobolds
  A leopard gecko zombie (D:6)
  27 rats
184 creatures vanquished.

Notes
Turn   | Place    | Note
-------+----------+-------------------------------------------
     0 | Abyss:1  | Mrkaede the Minotaur Abyssal Knight began the quest for the
                  | Orb.
     0 | Abyss:1  | Reached XP level 1. HP: 19/19 MP: 1/1
    89 | D:1      | Escaped the Abyss
   467 | D:1      | Reached XP level 2. HP: 27/27 MP: 2/2
   816 | D:2      | Found an iron altar of Okawaru.
   821 | D:2      | Reached ** piety under Lugonu
   871 | D:2      | Reached XP level 3. HP: 33/33 MP: 3/3
  1363 | D:3      | Found a burning altar of Makhleb.
  1384 | D:3      | Reached XP level 4. HP: 30/40 MP: 4/4
  1846 | D:3      | Found a bloodstained altar of Trog.
  2033 | D:4      | Reached skill level 1 in Throwing
  2033 | D:4      | Reached XP level 5. HP: 44/47 MP: 5/5
  2268 | D:4      | Noticed Sigmund
  2302 | D:4      | Killed Sigmund
  2302 | D:4      | Reached skill level 5 in Fighting
  2302 | D:4      | Reached XP level 6. HP: 27/56 MP: 5/7
  2620 | D:4      | Reached *** piety under Lugonu
  2678 | D:4      | Found a runed translucent gate.
  2678 | D:4      | Found a runed translucent gate.
  2678 | D:4      | Found a runed translucent gate.
  2774 | D:4      | Noticed gohu's ghost (novice DEFE)
  2936 | D:4      | Killed gohu's ghost
  2936 | D:4      | Reached XP level 7. HP: 35/62 MP: 8/8
  2939 | D:4      | Reached skill level 5 in Long Blades
  3015 | D:5      | Entered Level 5 of the Dungeon
  3237 | D:5      | Reached skill level 5 in Armour
  3315 | D:5      | Noticed Prince Ribbit
  3458 | D:5      | Killed Prince Ribbit
  3458 | D:5      | Reached XP level 8. HP: 27/71 MP: 9/9
  3823 | D:6      | Found a glowing drain.
  3835 | Sewer    | Entered a sewer
  3852 | Sewer    | Reached skill level 5 in Dodging
  3879 | Sewer    | Reached **** piety under Lugonu
  4344 | D:6      | Found a staircase to the Ecumenical Temple.
  4388 | D:6      | Got a faintly glowing brass ring
  4412 | D:6      | Identified the ring "Voturhij" {rPois SInv Stlth+} (You
                  | found it on level 6 of the Dungeon)
  4701 | D:7      | Found a runed translucent door.
  4709 | D:7      | Noticed sdfsdf's ghost (novice TrBe)
  4744 | D:7      | Reached ***** piety under Lugonu
  4744 | D:7      | Reached XP level 9. HP: 68/79 MP: 9/11
  5064 | D:7      | Found a shadowy altar of Dithmenos.
  5092 | D:7      | Found a stormy altar of Qazlal.
  5137 | D:7      | Noticed Menkaure
  5146 | D:7      | Killed Menkaure
  5728 | D:8      | Noticed a death yak
  5728 | D:8      | Noticed a death yak
  5728 | D:8      | Noticed a death yak
  5728 | D:8      | Noticed a death yak
  5728 | D:8      | Noticed a death yak
  5732 | D:8      | Noticed a death yak
  5735 | D:8      | Noticed a death yak
  5745 | D:7      | Slain by a death yak

Skill      XL: |  1  2  3  4  5  6  7  8  9 |
---------------+----------------------------+-----
Fighting       | 4 5 6 7 |  7.9
Invocations    | 2 3 4 |  4.3
Armour         | 3 4 5 6 7 |  7.2
Long Blades    | 3 4 5 6 7 |  7.3
Dodging        | 2 3 4 5 6 |  6.3
Throwing       | 1 2 3 |  3.9

Action                   |  1- 3 |  4- 6 |  7- 9 || total
-------------------------+-------+-------+-------++-------
Melee: Falchion          |    49 |   102 |   261 ||   412
       Headbutt          |     8 |    24 |    55 ||    87
       Unarmed           |       |    14 |       ||    14
Throw: Tomahawk          |       |       |     1 ||     1
  Use: Scroll            |     4 |     6 |     4 ||    14
       Potion            |       |     2 |     2 ||     4
 Stab: Sleeping          |     1 |       |       ||     1
  Eat: Chunk             |     1 |     2 |     9 ||    12
       Ration            |       |     1 |       ||     1
Armor: Ring mail         |    19 |     5 |       ||    24
       Leather armour    |     2 |       |       ||     2
       Scale mail        |       |    40 |   104 ||   144
       Skin              |       |     1 |       ||     1
Dodge: Dodged            |    22 |    62 |   174 ||   258
       Rpst.: Falchion   |     8 |     4 |    50 ||    62
